 Dungeon Crawl Stone Soup version 0.31-a0-496-g6f97920a28 (webtiles) character file.

Game seed: 9067063242449047173

4209 sponge the Slicer (level 10, -3/74 HPs)
             Began as an Octopode Berserker on Aug 8, 2023.
             Was a High Priest of Trog.
             Slain by an orc warlord
             ... wielding a +6 broad axe
              (32 damage)
             ... in a bailey.
             The game lasted 00:47:31 (7177 turns).

sponge the Slicer (Octopode Berserker)              Turns: 7177, Time: 00:47:32

Health: -3/74      AC:  8    Str: 17      XL:     10   Next: 29%
Magic:  10/10      EV: 14    Int: 22      God:    Trog [*****.]
Gold:   66         SH: 12    Dex: 20 (21) Spells: 9/9 levels left

rFire   . . .        a - +0 falchion (protect)
rCold   . . .        F - +2 buckler {rN+}
rNeg    + . .        (helmet restricted)
rPois   +            p - amulet of reflection
rElec   .            c - ring of see invisible
rCorr   .            d - +6 ring of intelligence
SInv    +            h - ring of poison resistance
Will    ++...        s - +6 ring of intelligence
Stlth   +++          G - +6 ring of dexterity
HPRegen 1.32/turn    (no ring)
MPRegen 0.12/turn    (no ring)
                     (no ring)

%: reflection
@: strong-willed, under a protective aura, regenerating, unable to drink
A: almost no armour, amphibious, 8 rings, camouflage 1, gelatinous body 1,
(nimble swimmer 1), tentacles, deterioration 1, mutation resistance 1, screaming
1, inability to drink after injury 1
a: Renounce Religion, Berserk, Trog's Hand, Brothers in Arms


You were in a bailey.
You worshipped Trog.
Trog was extremely pleased with you.
You visited 2 branches of the dungeon, and saw 8 of its levels.
You also visited: Sewer and Bailey.

You collected 354 gold pieces.
You spent 288 gold pieces at shops.

Inventory:

Hand Weapons
 a - a +0 falchion of protection (weapon)
 f - a +2 short sword of protection
 i - a +0 rapier
 u - a +1 dagger of electrocution
 x - a +0 short sword of venom
 z - a +1 dagger of holy wrath
Missiles
 e - 54 stones (quivered)
 g - 3 boomerangs
 y - 15 poisoned darts
 E - a throwing net
Armour
 F - a +2 buckler of positive energy (worn)
Jewellery
 c - a ring of see invisible (left tentacle)
 d - a +6 ring of intelligence (right tentacle)
 h - a ring of poison resistance (on tentacle)
 p - an amulet of reflection (around mantle)
 s - a +6 ring of intelligence (on tentacle)
 G - a +6 ring of dexterity (on tentacle)
Wands
 m - a wand of flame (12)
 H - a wand of iceblast (11)
Scrolls
 j - 2 scrolls of fog
 l - a scroll of enchant weapon
 n - a scroll of summoning
 q - a scroll of teleportation {unknown}
Potions
 b - a potion of resistance
 k - a potion of lignification {unknown}
 o - a potion of enlightenment {unknown}
 r - 2 potions of heal wounds
 t - a potion of invisibility
 v - a potion of magic {unknown}
 w - a potion of haste {unknown}
 A - 2 potions of mutation
 B - a potion of might
 C - 2 potions of cancellation
 D - a potion of brilliance


   Skills:
 - Level 9.4 Fighting
 - Level 9.6(10.6) Short Blades
 + Level 7.2(9.5) Long Blades
 - Level 3.1 Dodging


You had 9 spell levels left.
You didn't know any spells.
Your spell library was empty.

Dungeon Overview and Level Annotations

Branches:
Dungeon (7/15)             Temple (1/1) D:4           Sewer (visited)
 Bailey (1/1)

Altars:
Ashenzari
Cheibriados
Elyvilon
Fedhas
Gozag
Hepliaklqana
Kikubaaqudgha
Makhleb
Nemelex Xobeh
Okawaru
Qazlal
Ru
Sif Muna
Trog
Uskayaw
Vehumet
Wu Jian
Yredelemnul
The Shining One

Shops:
D:6 [*

Annotations:
D:2 1 runed translucent door, Crazy Yiuf


Innate Abilities, Weirdness & Mutations

You cannot wear most types of armour.
You are amphibious.
You can wear up to eight rings at the same time.
Your skin changes colour to match your surroundings (Stealth+).
Your rubbery body absorbs attacks. (AC +1, EV +1)
((You are camouflaged when in or above water. (Stealth+)))
You have tentacles for arms and can constrict up to eight enemies at once.
Your body sometimes deteriorates upon taking damage.
You are somewhat resistant to further mutation.
You occasionally shout uncontrollably at your foes.
You occasionally lose the ability to drink potions when taking damage.


Message History

Your weapon exudes an aura of protection.
You grab the orc warlord.
The orc warlord is moderately wounded.
You constrict the orc warlord.
Your ogre hits the orc warlord with a +0 giant club.
The orc warlord hits you with a +6 broad axe!!
The orc warlord hits your ogre with a +6 broad axe!
Your skin crawls.
You feel strong-willed.
You constrict the orc warlord, but do no damage.
Your ogre hits the orc warlord with a +0 giant club!
You block the orc warlord's attack.
The orc warlord barely misses your ogre.
You hit the orc warlord but do no damage.
You squeeze the orc warlord, but do no damage.
The orc warlord is moderately wounded.
You constrict the orc warlord.
Your ogre hits the orc warlord with a +0 giant club!
The orc warlord closely misses you.
The orc warlord hits your ogre with a +6 broad axe!!
Your ogre dies!
Your ogre's corpse disappears in a puff of smoke!
You hit the orc warlord but do no damage.
You squeeze the orc warlord!
The orc warlord is severely wounded.
You constrict the orc warlord, but do no damage.
The orc warlord hits you with a +6 broad axe.
You hit the orc warlord but do no damage.
You squeeze the orc warlord, but do no damage.
The orc warlord is severely wounded.
You constrict the orc warlord. You slash the orc warlord!
The orc warlord is severely wounded.
You constrict the orc warlord.
The orc warlord hits you with a +6 broad axe!!
You feel threatened and lose the ability to drink potions!
You release your grip on the orc warlord.
The orc warlord attacks as you move away!
The orc warlord hits you with a +6 broad axe!!
You die...

.....## .......)###
...### #)#.### .###
###)....### ## ..
##.........## #
..##8..........# #
...#8..........# #
...'.....⌠....∩# #
...#8..o.......# #
..##8..@.......# ##
..###.........##
.### ###.###.....###
...###
###.....#)#.###
.....###........)###
......#...........#
......#...........#
⌠.....#.....⌠.....#
.....))..)........#


You could see an orc warlord.

Vanquished Creatures
  Grinder (Sewer)
  Prince Ribbit (D:5)
  Eustachio (D:6)
  A steam dragon (D:6)
  12 orc warriors (Bailey)
  A sky beast (D:5)
  3 ice beasts
  4 ogres
  A black bear (D:6)
  A centaur (D:6)
  A kobold brigand (Sewer)
  A necrophage (Sewer)
  A scorpion (D:5)
  Blork the orc (D:6)
  A wight (Sewer)
  6 killer bees
  2 howler monkeys
  4 hounds
  2 jellies
  A gnoll bouda (D:7)
  3 iguanas
  Ijyb (D:3)
  Terence (D:3)
  3 sleepcaps
  3 orc wizards
  7 gnolls
  9 adders
  3 shadow imps (Sewer)
  5 ufetubi
  2 worms
  A dart slug (D:4)
  39 orcs
  5 ball pythons
  8 bats
  15 endoplasms
  5 giant cockroaches
  29 goblins
  17 hobgoblins
  A jackal (D:3)
  2 quokkas (D:2)
  2 frilled lizards
  23 kobolds
  6 rats
236 creatures vanquished.

Notes
Turn   | Place    | Note
-------+----------+-------------------------------------------
     0 | D:1      | sponge the Octopode Berserker began the quest for the Orb.
     0 | D:1      | Reached XP level 1. HP: 16/16 MP: 1/1
    10 | D:1      | Noticed a bullfrog
   183 | D:1      | Reached XP level 2. HP: 20/21 MP: 2/2
   295 | D:1      | Reached XP level 3. HP: 26/26 MP: 3/3
   611 | D:2      | Reached skill level 1 in Short Blades
   631 | D:2      | Reached ** piety under Trog
   657 | D:2      | Found a runed translucent door.
   658 | D:2      | Noticed Crazy Yiuf
   878 | D:2      | Reached XP level 4. HP: 22/31 MP: 4/4
  1722 | D:3      | You fall into a shaft and drop 1 floor!
  1811 | D:3      | Reached XP level 5. HP: 36/36 MP: 5/5
  2145 | D:3      | Found a faded altar of an unknown god.
  2311 | D:3      | Noticed Ijyb
  2312 | D:3      | Noticed Terence
  2328 | D:3      | Killed Ijyb
  2329 | D:3      | Reached XP level 6. HP: 37/42 MP: 6/6
  2337 | D:3      | Killed Terence
  2338 | D:3      | Reached skill level 5 in Short Blades
  2610 | D:4      | Reached *** piety under Trog
  2867 | D:4      | Found a staircase to the Ecumenical Temple.
  2882 | Temple   | Entered the Ecumenical Temple
  3487 | D:4      | Reached XP level 7. HP: 46/46 MP: 7/7
  3588 | D:5      | Entered Level 5 of the Dungeon
  3635 | D:5      | Noticed Prince Ribbit
  4139 | D:5      | Killed Prince Ribbit
  4140 | D:5      | Reached XP level 8. HP: 40/52 MP: 8/8
  4636 | D:6      | Noticed Blork the orc
  4659 | D:6      | Killed Blork the orc
  4805 | D:6      | Found Kengul's Armour Shop.
  4819 | D:6      | Found a glowing drain.
  4832 | Sewer    | Entered a sewer
  4959 | Sewer    | Reached **** piety under Trog
  4960 | Sewer    | Noticed Grinder
  4994 | Sewer    | Killed Grinder
  4995 | Sewer    | Reached skill level 5 in Fighting
  4995 | Sewer    | Reached XP level 9. HP: 60/61 MP: 9/9
  5126 | Sewer    | Found an ancient bone altar of Kikubaaqudgha.
  5691 | D:6      | Found Qacaelut's Assorted Antiques.
  5749 | D:6      | Noticed Eustachio
  5764 | D:6      | Killed Eustachio
  6289 | D:6      | Bought a scroll labelled TOUDDAT UZI for 28 gold pieces
  6289 | D:6      | Bought 2 fuming pink potions for 50 gold pieces
  6291 | D:6      | Gained mutation: Your muscles are strong. (Str +4, Int/Dex
                  | -1) [potion of mutation]
  6291 | D:6      | Gained mutation: You passively map a small area around you.
                  | [potion of mutation]
  6292 | D:6      | Lost mutation: Your muscles are strong. (Str +4, Int/Dex
                  | -1) [potion of mutation]
  6292 | D:6      | Lost mutation: You passively map a small area around you.
                  | [potion of mutation]
  6292 | D:6      | Gained mutation: You are weak. (Str -2) [potion of
                  | mutation]
  6292 | D:6      | Gained mutation: Your flesh is heat resistant. (rF+)
                  | [potion of mutation]
  6293 | D:6      | Lost mutation: You are weak. (Str -2) [potion of mutation]
  6293 | D:6      | Lost mutation: Your flesh is heat resistant. (rF+) [potion
                  | of mutation]
  6293 | D:6      | Gained mutation: You occasionally lose the ability to drink
                  | potions when taking damage. [potion of mutation]
  6293 | D:6      | Gained mutation: You occasionally shout uncontrollably at
                  | your foes. [potion of mutation]
  6293 | D:6      | Gained mutation: Your body sometimes deteriorates upon
                  | taking damage. [potion of mutation]
  6293 | D:6      | Gained mutation: You are somewhat resistant to further
                  | mutation. [potion of mutation]
  6305 | D:6      | Bought a scroll of revelation for 210 gold pieces
  6603 | D:7      | Found a flagged portal.
  6608 | Bailey   | Entered a bailey
  6744 | Bailey   | Reached skill level 5 in Long Blades
  6744 | Bailey   | Reached XP level 10. HP: 70/74 MP: 10/10
  6768 | Bailey   | Reached ***** piety under Trog
  7163 | Bailey   | Noticed an orc warlord
  7177 | Bailey   | Slain by an orc warlord

Illustrated notes

Levels and vault maps discovered:
D:1:      evilmike_arrival_come_back, layout_rooms, nicolae_grassy_gnolls
D:2:      layout_loops_corners, uniq_crazy_yiuf_cottage
D:3:      minmay_chambers_of_twos, layout_loops_ring,
          nicolae_overflow_ecumenical_swirl, uniq_terence, uniq_ijyb
D:4:      layout_loops_ring, minmay_temple_entry_sparse_star
D:5:      layout_basic, minmay_ogre_servants, uniq_prince_ribbit1
D:6:      layout_basic, serial_glass, glass_columns_a, glass_columns_c,
          glass_columns_b, glass_columns_c, glass_columns_c, glass_columns_b,
          glass_columns_c, glass_columns_a, portal_sewer_entry_d, serial_shops,
          nicolae_shop_stone, shop_fountains, minmay_misc_feat_encased,
          uniq_blork_the_orc, uniq_eustachio
D:7:      layout_basic, enter_bailey_3
Temple:   compressed_dpeg_triangle_lava_temple
Bailey:   bailey_axe_minmay_hex_keep, bailey

Skill      XL: |  1  2  3  4  5  6  7  8  9 10 |
---------------+-------------------------------+-----
Short Blades   | 1 3 4 6 8 9 |  9.6
Fighting       | 5 9 |  9.4
Long Blades    | 5 7 |  7.2
Dodging        | |  3.1

Action                     |  1- 3 |  4- 6 |  7- 9 | 10-12 || total
---------------------------+-------+-------+-------+-------++-------
  Melee: Falchion          |    28 |       |    41 |    99 ||   168
         Constrict         |    13 |    38 |    80 |    29 ||   160
         Tentacles         |    16 |    48 |   119 |    36 ||   219
         Short sword       |    32 |   153 |   355 |       ||   540
         Punch             |       |     4 |    11 |     3 ||    18
  Throw: Stone             |       |       |     5 |       ||     5
 Invoke: Berserk           |       |     1 |     1 |       ||     2
         Trog's Hand       |       |       |     2 |     2 ||     4
         Brothers in Arms  |       |       |       |     1 ||     1
    Use: Scroll            |       |     6 |     9 |       ||    15
         Potion            |       |       |    10 |       ||    10
   Stab: Sleeping          |     7 |    10 |     4 |       ||    21
         Distracted        |       |       |       |     1 ||     1
 Armour: Skin              |     7 |    22 |    35 |     6 ||    70
  Dodge: Dodged            |    23 |    53 |   143 |    21 ||   240
  Block: Other             |       |       |    49 |       ||    49
         Reflection        |       |       |     2 |       ||     2
         Buckler           |       |       |    12 |    28 ||    40

Table legend: (Time is in decaauts)
 A = Elapsed time spent in this place.
 B = Non-inter-level travel time spent in this place.
 C = Inter-level travel time spent in this place.
 D = Time resting spent in this place.
 E = Time spent auto-exploring this place.
 F = Levels seen in this place.
 G = Mean time per level.
                   A        B        C        D        E       F      G
               +--------+--------+--------+--------+--------+-----+--------+
         Total |   6986 |   6699 |    287 |   1449 |   2700 |  10 |  698.6 |
       Dungeon |   5987 |   5700 |    287 |   1185 |   2700 |   7 |  855.3 |
        Temple |     19 |     19 |      0 |     14 |      0 |   1 |   19.0 |
         Sewer |    421 |    421 |      0 |     40 |      0 |   1 |  421.0 |
        Bailey |    558 |    558 |      0 |    210 |      0 |   1 |  558.0 |
               +--------+--------+--------+--------+--------+-----+--------+

Top non-repeatable levels by time:
     D:4: 1199 daAuts
     D:5: 1157 daAuts
     D:2: 977 daAuts
     D:3: 972 daAuts
     D:6: 964 daAuts
     D:1: 583 daAuts
  Bailey: 558 daAuts
   Sewer: 421 daAuts
     D:7: 132 daAuts
  Temple: 19 daAuts
